 Dungeon Crawl Stone Soup version 0.30-a0-172-gc5509c9e31 (webtiles) character file.

Game seed: 825846578457521558

373 tbh1313 the Cleaver (level 6, -7/51 HPs)
             Began as a Minotaur Berserker on Oct 2, 2022.
             Was a Believer of Trog.
             Mangled by an orc
             ... wielding a +0 flail
              (8 damage)
             ... on level 3 of the Dungeon.
             The game lasted 00:02:56 (1430 turns).

tbh1313 the Cleaver (Minotaur Berserker)            Turns: 1430, Time: 00:02:56

Health: -7/51      AC:  5    Str: 22    XL:     6   Next: 43%
Magic:  5/5        EV: 11    Int:  6    God:    Trog [**....]
Gold:   135        SH:  0    Dex:  9    Spells: 5/5 levels left

rFire   . . .      SeeInvis .    a - +1 hand axe
rCold   . . .      Faith    .    (no shield)
rNeg    . . .      Spirit   .    c - +0 ring mail
rPois   .          Reflect  .    (helmet restricted)
rElec   .          Harm     .    (no cloak)
rCorr   .          Rampage  .    (no gloves)
Will    .....                    (no boots)
Stlth   ..........               (no amulet)
HPRegen 0.28/turn                (no ring)
MPRegen 0.09/turn                (no ring)

@: confused, on berserk cooldown, slowed, very slow
A: horns 2, retaliatory headbutt
a: Renounce Religion, Berserk, Trog's Hand


You were on level 3 of the Dungeon.
You worshipped Trog.
Trog was pleased with you.
You visited 1 branch of the dungeon, and saw 3 of its levels.

You collected 135 gold pieces.

Inventory:

Hand Weapons
 a - a +1 hand axe (weapon)
Armour
 b - a +0 animal skin
 c - a +0 ring mail (worn)
Jewellery
 d - a ring of magical power
 i - an amulet of faith
Wands
 k - a wand of polymorph (13)
Scrolls
 g - a scroll of fear {unknown}
 j - a scroll of identify {unknown}
Potions
 e - a potion of degeneration {unknown}
 f - 3 potions of curing {unknown}
 h - a potion of invisibility {unknown}
 l - a potion of haste {unknown}


   Skills:
 - Level 3.6 Fighting
 + Level 8.8 Axes
 - Level 2.4 Armour
 - Level 2.1 Dodging


You had 5 spell levels left.
You didn't know any spells.
Your spell library was empty.

Dungeon Overview and Level Annotations

Branches:
Dungeon (3/15)

Altars:


Innate Abilities, Weirdness & Mutations

You have a pair of horns on your head.
You reflexively headbutt those who attack you in melee.


Message History

You closely miss the adder.
The orc wizard hits you with a +0 dagger.
You barely miss the orc wizard.
The orc wizard is moderately wounded.
You closely miss the orc. You closely miss the adder. The adder bites you.
You are poisoned.
The adder poisons you! The orc hits you with a +0 flail.
The orc wizard gestures at you while chanting.
You are confused.
The orc priest mumbles some strange prayers to Beogh against you.
Beogh smites you!
You closely miss the adder. Your headbutt misses the adder.
The adder is severely wounded.
You closely miss the orc wizard. You barely miss the orc.
You feel sick. The adder barely misses you.
Unknown command.
You completely miss the orc wizard.
The orc wizard is moderately wounded.
You miss the adder. You hit the orc.
You feel sick.
The orc wizard points at you and mumbles some strange words.
The magic dart hits you! The orc misses you. The adder closely misses you.
You bump into the rock wall.
The adder bites you.
You feel a strong urge to attack something.
You feel sick.
The orc wizard points at you and mumbles some strange words.
You resist with some effort.
You are no longer berserk.
You are exhausted.
You feel yourself slow down.
You feel sick.
You are no longer poisoned.
The orc wizard gestures wildly while chanting.
The orc wizard flickers and vanishes!
Deactivating autopickup; reactivate with Ctrl-A.
The orc priest invokes the aid of Beogh against you.
Beogh smites you!
* * * LOW HITPOINT WARNING * * *
The adder bites you.
* * * LOW HITPOINT WARNING * * *
The orc hits you with a +0 flail!
You die...

^............##
..............#
.........[....#
.............)#
..............#######
....................#
........o.....#####.##
.......S).†..##
#..####
..<..##.@o.)####
##....# ###
#.$.......# ####..
#............[......
#.........##########
#.........# #
#.........# #
#........... .
#.........#.. #.
####.#######. ..


You could see an orc priest, an adder and an orc.

Levels and vault maps discovered:
D:1:      ebering_trefoil_3fold, layout_rooms,
          hellmonk_ecumenical_altar_arch_garden, serial_forest,
          infiniplex_forest_side_room, infiniplex_forest_end_double,
          infiniplex_forest_clump_tiny, infiniplex_forest_lined_1,
          chequers_hall_statues_wall_a, dreamdust_wishing_well
D:2:      layout_rooms, uniq_terence
D:3:      layout_rooms, uniq_grinder, uniq_natasha, uniq_pargi

Notes
Turn   | Place    | Note
-------+----------+-------------------------------------------
     0 | D:1      | tbh1313 the Minotaur Berserker began the quest for the Orb.
     0 | D:1      | Reached XP level 1. HP: 19/19 MP: 0/0
    51 | D:1      | Reached skill level 4 in Axes
    79 | D:1      | Reached XP level 2. HP: 22/26 MP: 1/1
   426 | D:1      | Found a faded altar of an unknown god.
   431 | D:1      | Reached skill level 5 in Axes
   525 | D:1      | Reached XP level 3. HP: 29/31 MP: 2/2
   723 | D:2      | Noticed Terence
   728 | D:2      | Killed Terence
   967 | D:2      | Reached ** piety under Trog
   968 | D:2      | Reached skill level 6 in Axes
   968 | D:2      | Reached XP level 4. HP: 38/39 MP: 3/3
  1207 | D:3      | Noticed Natasha
  1209 | D:3      | Noticed Grinder
  1211 | D:3      | Paralysed by Grinder for 3 turns
  1217 | D:3      | Killed Natasha
  1218 | D:3      | Reached XP level 5. HP: 35/45 MP: 4/4
  1218 | D:3      | Killed Grinder
  1219 | D:3      | Reached skill level 8 in Axes
  1219 | D:3      | Reached XP level 6. HP: 41/51 MP: 5/5
  1379 | D:3      | Noticed Natasha
  1388 | D:3      | Killed Natasha
  1429 | D:3      | HP: 3/51 [orc priest/divine providence (13)]
  1430 | D:3      | HP: 1/51 [adder (2)]
  1430 | D:3      | Mangled by an orc

Table legend: (Time is in decaauts)
 A = Elapsed time spent in this place.
 B = Non-inter-level travel time spent in this place.
 C = Inter-level travel time spent in this place.
 D = Time resting spent in this place.
 E = Time spent auto-exploring this place.
 F = Levels seen in this place.
 G = Mean time per level.
                   A        B        C        D        E       F      G
               +--------+--------+--------+--------+--------+-----+--------+
         Total |   1443 |   1389 |     54 |     70 |   1043 |   3 |  481.0 |
       Dungeon |   1443 |   1389 |     54 |     70 |   1043 |   3 |  481.0 |
               +--------+--------+--------+--------+--------+-----+--------+

Top non-repeatable levels by time:
     D:1: 656 daAuts
     D:2: 601 daAuts
     D:3: 186 daAuts

Table legend:
 A = Kills in this place as a percentage of kills in entire the game.
 B = Kills by you in this place as a percentage of kills by you in the entire game.
 C = Kills by friends in this place as a percentage of kills by friends in the entire game.
 D = Other kills in this place as a percentage of other kills in the entire game.
 E = Experience gained in this place as a percentage of experience gained in the entire game.
 F = Experience gained in this place divided by the number of levels of this place that you have seen.
                   A       B       C       D       E      F
               +-------+-------+-------+-------+-------+----------------------
         Total | 100.0 | 100.0 |   N/A |   N/A | 100.0 | 178.0
       Dungeon | 100.0 | 100.0 |   N/A |   N/A | 100.0 | 178.0
               +-------+-------+-------+-------+-------+----------------------

Action                   |  1- 3 |  4- 6 || total
-------------------------+-------+-------++-------
Melee: Hand axe          |    69 |    29 ||    98
       Headbutt          |     8 |     1 ||     9
Invok: Berserk           |       |     3 ||     3
       Trog's Hand       |       |     1 ||     1
  Use: Scroll            |     2 |       ||     2
Armor: Ring mail         |    21 |     8 ||    29
Dodge: Dodged            |    40 |    21 ||    61

Vanquished Creatures
  Grinder (D:3)
  Terence (D:2)
  Natasha (twice) (D:3)
  4 gnolls (D:2)
  3 adders
  2 dart slugs
  2 orcs (D:3)
  2 ball pythons
  4 bats
  6 endoplasms (D:1)
  3 giant cockroaches
  3 goblins
  A hobgoblin (D:3)
  6 jackals (D:1)
  4 kobolds
  A quokka (D:2)
  A frilled lizard (D:1)
  5 rats
51 creatures vanquished.
